 Dungeon Crawl Stone Soup version 0.30-b1-2-g02819fbbbe (webtiles) character file.

Game seed: 2982795018837891220

459 graymark the Trooper (level 6, -2/49 HPs)
             Began as a Demonspawn Fighter on May 16, 2023.
             Was an Initiate of Okawaru.
             Slain by an orc warrior
             ... wielding a +0 war axe
              (6 damage)
             ... on level 5 of the Dungeon.
             The game lasted 00:08:19 (3872 turns).

graymark the Trooper (Demonspawn Fighter)           Turns: 3872, Time: 00:08:20

Health: -2/49      AC:  9    Str: 19    XL:     6   Next: 78%
Magic:  6/6        EV: 10    Int: 13    God:    Okawaru [......]
Gold:   278        SH:  5    Dex: 12    Spells: 4/5 levels left

rFire   . . .        a - +2 war axe
rCold   . . .        c - +0 buckler
rNeg    . . .        b - +0 scale mail
rPois   .            t - +0 helmet {SInv}
rElec   .            (no cloak)
rCorr   .            (no gloves)
SInv    +            v - +0 pair of boots
Will    .....        (no amulet) Stlth
                     (no ring)
HPRegen 0.28/turn    (no ring)
MPRegen 0.10/turn

%: no passive effects
@: no status effects
A: claws 1, big brain 2
a: Renounce Religion


You were on level 5 of the Dungeon.
You worshipped Okawaru.
Okawaru was noncommittal.
You visited 2 branches of the dungeon, and saw 6 of its levels.

You collected 278 gold pieces.

Inventory:

Hand Weapons
 a - a +2 war axe (weapon)
 g - a +2 short sword of draining
 k - a +0 sling
Armour
 b - a +0 scale mail (worn)
 c - a +0 buckler (worn)
 t - a +0 helmet of see invisible (worn)
 v - a +0 pair of boots (worn)
Wands
 l - a wand of flame (8)
Scrolls
 e - a scroll of magic mapping
 f - 4 scrolls of teleportation
 i - a scroll of blinking
 o - a scroll of poison {unknown}
 p - a scroll of fog {unknown}
 r - 2 scrolls of enchant armour {unknown}
 s - 2 scrolls of vulnerability {unknown}
 w - a scroll of enchant weapon
 x - a scroll of identify
 y - a scroll of noise {unknown}
Potions
 d - a potion of might
 h - 2 potions of attraction
 j - 2 potions of brilliance
 m - 3 potions of flight
 n - a potion of resistance
 q - a potion of heal wounds {unknown}
 u - 2 potions of magic {unknown}


   Skills:
 + Level 4.3 Fighting
 + Level 3.3 Axes
 + Level 4.0 Armour
 + Level 2.5 Dodging
 + Level 3.9 Shields


You had 4 spell levels left.
You knew the following spells:

 Your Spells              Type           Power      Damage    Failure   Level
a - Beastly Appendage     Tmut           0%         N/A       75%         1

Your spell library contained the following spells:

 Spells                   Type           Power      Damage    Failure   Level
 Cigotuvi's Dreadful Rot  Necr/Pois/Air  0%         N/A       86%         2
 Ensorcelled Hibernation  Hex/Ice        0%         N/A       86%         2
 Passwall                 Tmut/Erth      0%         N/A       86%         2
 Wereblood                Tmut           0%         N/A       86%         2
 Ignite Poison            Fire/Tmut/Pois 0%         N/A       98%         3
 Spider Form              Tmut/Pois      0%         N/A       98%         3
 Swiftness                Air            0%         N/A       98%         3
 Freezing Cloud           Conj/Ice/Air   0%         6-21      100%        5


Dungeon Overview and Level Annotations

Branches:
Dungeon (5/15)             Temple (1/1) D:5

Altars:
Dithmenos
Gozag
Hepliaklqana
Kikubaaqudgha
Okawaru
Sif Muna
Trog
Uskayaw
Vehumet
Wu Jian
Yredelemnul

Shops:
D:4 [   D:5 (

Annotations:
D:5 exclusion: oklob sapling


Innate Abilities, Weirdness & Mutations

You have sharp fingernails.
You have an extremely huge brain. (Int +4)


Message History

An orc warrior comes into view. It is wielding a +0 war axe.
The orc misses you.
You barely miss the orc. The orc hits you but does no damage.
The orc hits you from afar with a +0 trident.
You hit the orc.
The orc is lightly wounded.
The orc barely misses you. x2; The orc hits you but does no damage.
You hit the orc warrior but do no damage.
The orc hits you but does no damage.
You slash the orc warrior!
The orc warrior is moderately wounded.
The orc warrior barely misses you. The orc barely misses you.
The orc warrior hits you with a +0 war axe!
The orc hits you from afar with a +0 trident.
You hit the orc warrior.
The orc warrior is heavily wounded.
The orc warrior hits you with a +0 war axe!
The orc hits you but does no damage.
You slash the orc warrior!
The orc warrior is almost dead.
The orc warrior hits you with a +0 war axe.
You block the orc's attack.
Okay, then.
You barely miss the orc warrior.
The orc warrior is almost dead.
The orc warrior hits you with a +0 war axe!
You block the orc's attack. You block the orc warrior's attack.
The orc hits you from afar with a +0 trident.
You closely miss the orc warrior.
The orc warrior is almost dead.
The orc warrior barely misses you.
The orc hits you from afar with a +0 trident.
* * * LOW HITPOINT WARNING * * *
You closely miss the orc warrior.
The orc warrior is almost dead.
The orc warrior hits you with a +0 war axe!
* * * LOW HITPOINT WARNING * * *
You block the orc's attack.
The orc warrior hits you with a +0 war axe.
You die...

# #.........
#.##.....###
.####.#..#...#
........###..#
.........#...#
......##....##
......
##.#.#####
......
#(#.....#
.....
#.#####@#
..... #.# #o#
.... #.#


oho ... o#l.. ### ....?.. .. .?.... ... ....... ..# .#....... You could see an
orc warrior, an iguana, a hound and 3 orcs.

Vanquished Creatures
  A scorpion (D:2)
  2 hounds
  An orc priest (D:5)
  An iguana (D:5)
  Natasha (thrice) (D:2)
  Terence (D:2)
  An orc wizard (D:5)
  Robin (D:4)
  5 adders
  3 worms
  2 dart slugs
  8 orcs
  7 endoplasms
  3 giant cockroaches
  9 goblins
  11 hobgoblins
  7 jackals
  2 quokkas
  6 ball pythons
  3 bats
  2 frilled lizards
  3 kobolds
  8 rats
90 creatures vanquished.

Vanquished Creatures (others)
  18 plants
  5 toadstools (D:4)
23 creatures vanquished.

Grand Total: 113 creatures vanquished

Notes
Turn   | Place    | Note
-------+----------+-------------------------------------------
     0 | D:1      | graymark the Demonspawn Fighter began the quest for the
                  | Orb.
     0 | D:1      | Reached XP level 1. HP: 18/18 MP: 1/1
   152 | D:1      | Gained mutation: You have an unusually large brain. (Int
                  | +2) [demonic ancestry]
   152 | D:1      | Reached XP level 2. HP: 24/24 MP: 2/2
   467 | D:1      | Reached XP level 3. HP: 13/29 MP: 3/3
   642 | D:2      | Noticed Natasha
   655 | D:2      | Killed Natasha
   656 | D:2      | Reached skill level 1 in Dodging
   777 | D:2      | Noticed Natasha
   784 | D:2      | Killed Natasha
   785 | D:2      | Gained mutation: You have an extremely huge brain. (Int +4)
                  | [demonic ancestry]
   785 | D:2      | Reached XP level 4. HP: 15/35 MP: 4/4
   884 | D:2      | Noticed a scorpion
   891 | D:2      | Killed a scorpion
   892 | D:2      | Gained mutation: You have sharp fingernails. [demonic
                  | ancestry]
   892 | D:2      | Reached XP level 5. HP: 38/42 MP: 5/5
   913 | D:2      | Noticed Natasha
   924 | D:2      | Killed Natasha
  1276 | D:2      | Noticed Terence
  1283 | D:2      | Killed Terence
  1491 | D:3      | Found a faded altar of an unknown god.
  2114 | D:3      | Reached XP level 6. HP: 38/48 MP: 6/6
  2448 | D:3      | Learned a level 1 spell: Beastly Appendage
  2576 | D:4      | Noticed Robin
  2584 | D:4      | Killed Robin
  2762 | D:4      | Found a hazy altar of Hepliaklqana.
  2846 | D:4      | Identified the +2 short sword "Jasoenergh" {venom, rF+
                  | Dex+6}
  3032 | D:4      | Found Vedaffeq's Antique Armour Boutique.
  3250 | D:5      | Entered Level 5 of the Dungeon
  3394 | D:5      | Found Qalie's Antique Weapon Shoppe.
  3470 | D:5      | Found a staircase to the Ecumenical Temple.
  3553 | Temple   | Entered the Ecumenical Temple
  3674 | Temple   | Became a worshipper of Warmaster Okawaru
  3863 | D:5      | Noticed an orc warrior
  3872 | D:5      | Slain by an orc warrior

Illustrated notes

Levels and vault maps discovered:
D:1:      reono_arrival_forest_river, layout_rooms
D:2:      layout_basic, kennysheep_cross_bottleneck, uniq_natasha, uniq_terence
D:3:      layout_basic, dreamdust_ecumenical_altar_sealed_demon,
          corexii_item_surrounded_by_moat, kennysheep_generic_room_6
D:4:      layout_basic, nicolae_hepliaklqana_hazy_memory, serial_shops,
          shop_statue, minmay_gold_behind_fungi, uniq_robin
D:5:      layout_loops_ring, minmay_temple_entry_oklob,
          gammafunk_ghost_cemetery, serial_shops, kennysheep_little_box,
          minmay_manual_mandibuliform, uniq_prince_ribbit1
Temple:   cyrus_circular_temple

Skill      XL: |  1  2  3  4  5  6 |
---------------+-------------------+-----
Axes           | 2 3 |  3.3
Armour         | 3 4 |  4.0
Shields        | 3 |  3.9
Dodging        | 1 2 |  2.5
Fighting       | 4 |  4.3

Action                     |  1- 3 |  4- 6 || total
---------------------------+-------+-------++-------
  Melee: War axe           |    71 |   200 ||   271
    Use: Scroll            |     3 |     7 ||    10
         Potion            |       |     1 ||     1
   Stab: Sleeping          |     1 |       ||     1
 Armour: Scale mail        |    42 |    89 ||   131
  Dodge: Dodged            |    55 |    95 ||   150
  Block: Buckler           |    20 |    37 ||    57
